PCL
ALBUQUERQUE ISOTOPES @ HOUSTON HAMMERTIME
06/14/2027
 
TOP OF THE 1ST
Albuquerque Isotopes batting - Pitching for Houston Hammertime : LHP Dan Snyder
Pitching: LHP Dan Snyder
Batting: RHB Juan Alberto 0-0: Called Strike
0-1: Called Strike
0-2: Ball
1-2: Ball
2-2: Fly out, F8 (Flyball, 8LD)
Batting: RHB Dave Mullen 0-0: Called Strike
0-1: Called Strike
0-2: Foul Ball, location: 2F
0-2: Ball
1-2: Strikes out swinging
Batting: LHB António De Los Ángeles 0-0: Swinging Strike
0-1: Foul Ball, location: 2F
0-2: Ball
1-2: Ball
2-2: SINGLE (Groundball, 6D)
Batting: LHB Bernardo Montés 0-0: Called Strike
0-1: Fielders Choice at 2nd, 6-4 (Groundball, 6)
Top of the 1st over - 0 run(s), 1 hit(s), 0 error(s), 0 left on base; Albuquerque 0 - Houston 0
BOTTOM OF THE 1ST
Houston Hammertime batting - Pitching for Albuquerque Isotopes : RHP Juan Rodríguez
Pitching: RHP Juan Rodríguez
Batting: RHB Carlos Pérez 0-0: Foul Ball, location: 2F
0-1: Foul Ball, location: 2F
0-2: Strikes out looking
Batting: RHB Santo Cruz 0-0: SINGLE (Groundball, 6MD)
Batting: LHB Tom Baker 0-0: Foul Ball, location: 2F
0-1: Foul Ball, location: 2F
0-2: Foul Ball, location: 2F
0-2: Ball
1-2: Ball
2-2: Fielders Choice at 2nd, 4-6 (Groundball, 4)
Pitching: RHP Kenny Skinner
Batting: LHB Juan Cabañas 0-0: Foul Ball, location: 2F
0-1: 2-RUN HOME RUN (Line Drive, 9D), Distance : 456 ft
Batting: LHB Bill Murphy 0-0: Ball
1-0: Ball
2-0: Foul Ball, location: 2F
2-1: Swinging Strike
2-2: Fly out, F8 (Line Drive, 8LS)
Bottom of the 1st over - 2 run(s), 2 hit(s), 0 error(s), 0 left on base; Albuquerque 0 - Houston 2
TOP OF THE 2ND
Albuquerque Isotopes batting - Pitching for Houston Hammertime : LHP Dan Snyder
Batting: RHB Lorenzo Ayala 0-0: Fly out, F7 (Flyball, 7S)
Batting: RHB Alfonso Huertas 0-0: Hit by Pitch
Batting: LHB A.J. Major 0-0: Ball
1-0: Foul Ball, location: 2F
1-1: SINGLE (Line Drive, 6M)
Alfonso Huertas to second
Batting: LHB Fernando Ortíz 0-0: Ball
1-0: Called Strike
1-1: Ball
2-1: 3-RUN HOME RUN (Flyball, 7D), Distance : 342 ft
Batting: LHB Mark Vestal 0-0: Ball
1-0: Ball
2-0: Ball
3-0: Called Strike
3-1: Ground out 1-3 (Groundball, 15S)
Batting: RHB Juan Alberto 0-0: Ball
1-0: Ball
2-0: Foul Ball, location: 2F
2-1: Swinging Strike
2-2: Ground out 6-3 (Groundball, 6S)
Top of the 2nd over - 3 run(s), 2 hit(s), 0 error(s), 0 left on base; Albuquerque 3 - Houston 2
BOTTOM OF THE 2ND
Houston Hammertime batting - Pitching for Albuquerque Isotopes : RHP Kenny Skinner
Batting: RHB Dan Mason 0-0: Called Strike
0-1: Fly out, F9 (Line Drive, 89D)
Batting: RHB José García 0-0: Ball
1-0: Ball
2-0: SINGLE (Line Drive, 4MD)
Pitching: RHP Manny Muñóz
Batting: RHB Ánibal Pérez 0-0: Called Strike
0-1: SINGLE (Flyball, 9S)
José García to second
Runner from 2nd tries for 3rd, SAFE, throw made to third
Batting: LHB Fernando Camacho 0-0: Ball
1-0: Grounds into double play, 4-6-3 (Groundball, 34)
Bottom of the 2nd over - 0 run(s), 2 hit(s), 0 error(s), 1 left on base; Albuquerque 3 - Houston 2
TOP OF THE 3RD
Albuquerque Isotopes batting - Pitching for Houston Hammertime : LHP Dan Snyder
Batting: RHB Dave Mullen 0-0: Ball
1-0: Foul Ball, location: 2F
1-1: Called Strike
1-2: Ball
2-2: Foul Ball, location: 2F
2-2: Fly out, F4 (Line Drive, 4)
Batting: LHB António De Los Ángeles 0-0: Called Strike
0-1: Foul Ball, location: 2F
0-2: Strikes out swinging
Batting: LHB Bernardo Montés 0-0: Swinging Strike
0-1: Swinging Strike
0-2: Ball
1-2: Foul Ball, location: 2F
1-2: Ball
2-2: Ball
3-2: DOUBLE (Line Drive, 7LM)
Pinch Runner at 2nd Juan Vareas:
Batting: RHB Lorenzo Ayala 0-0: Ball
1-0: Called Strike
1-1: TRIPLE (Line Drive, 3L)
Juan Vareas scores
Batting: RHB Alfonso Huertas 0-0: Ball
1-0: Called Strike
1-1: Foul Ball, location: 2F
1-2: SINGLE (Line Drive, 56D)
Lorenzo Ayala scores
Pitching: LHP Martín Reyes
Batting: LHB A.J. Major 0-0: Foul Ball, location: 2F
0-1: Called Strike
0-2: Foul Ball, location: 2F
0-2: Ball
1-2: Foul Ball, location: 2F
1-2: Foul Ball, location: 2F
1-2: SINGLE (Groundball, 6MD)
Alfonso Huertas to second
Batting: LHB Fernando Ortíz 0-0: Ball
1-0: Ball
2-0: Called Strike
2-1: Called Strike
2-2: Strikes out swinging
Top of the 3rd over - 2 run(s), 4 hit(s), 0 error(s), 2 left on base; Albuquerque 5 - Houston 2
BOTTOM OF THE 3RD
Houston Hammertime batting - Pitching for Albuquerque Isotopes : RHP Manny Muñóz
Batting: RHB Carlos Pérez 0-0: Called Strike
0-1: SINGLE (Line Drive, 78S)
Batting: RHB Santo Cruz 0-0: Ball
1-0: Foul Ball, location: 2F
1-1: Ball
2-1: Fielders Choice at 2nd, 5-4 (Groundball, 56)
Batting: LHB Tom Baker 0-0: Foul Ball, location: 2F
0-1: Foul Ball, location: 2F
0-2: Ball
1-2: Ball
2-2: Ball
3-2: SINGLE (Line Drive, 8RS)
Santo Cruz to second
Batting: LHB Juan Cabañas 0-0: Called Strike
0-1: Ball
1-1: SINGLE (Groundball, 6M) (infield hit)
Santo Cruz to third
Tom Baker to second
Batting: LHB Bill Murphy 0-0: Ball
1-0: Ball
2-0: SINGLE (Line Drive, 9LS)
Santo Cruz scores
Tom Baker to third
Juan Cabañas to second
Runner from 3rd tries for Home, SAFE, throw made home
Juan Cabañas to third
Bill Murphy to second
Batting: RHB Dan Mason 0-0: Foul Ball, location: 2F
0-1: SINGLE (Flyball, 7LM)
Juan Cabañas scores
Bill Murphy to third
Runner from 3rd tries for Home, SAFE, throw made home
Dan Mason to second
Batting: RHB José García 0-0: Ball
1-0: Ball
2-0: Ball
3-0: Called Strike
3-1: Called Strike
3-2: Base on Balls
Batting: RHB Ánibal Pérez 0-0: Foul Ball, location: 2F
0-1: Ball
1-1: Fly out, F4 (Flyball, 34D)
Batting: LHB Fernando Camacho 0-0: Ground out 3-1 (Groundball, 34)
Bottom of the 3rd over - 4 run(s), 5 hit(s), 0 error(s), 2 left on base; Albuquerque 5 - Houston 6
TOP OF THE 4TH
Albuquerque Isotopes batting - Pitching for Houston Hammertime : LHP Martín Reyes
Batting: LHB Mark Vestal 0-0: Called Strike
0-1: Foul Ball, location: 2F
0-2: Ball
1-2: Ball
2-2: Strikes out swinging
Batting: RHB Juan Alberto 0-0: Called Strike
0-1: Ground out 5-3 (Groundball, 56)
Batting: RHB Dave Mullen 0-0: Ball
1-0: SINGLE (Groundball, 3D)
Batting: LHB António De Los Ángeles 0-0: Ball
1-0: Swinging Strike
1-1: Ball
2-1: Ball
3-1: Foul Ball, location: 2F
3-2: Strikes out swinging
Top of the 4th over - 0 run(s), 1 hit(s), 0 error(s), 1 left on base; Albuquerque 5 - Houston 6
BOTTOM OF THE 4TH
Houston Hammertime batting - Pitching for Albuquerque Isotopes : RHP Manny Muñóz
Batting: RHB Carlos Pérez 0-0: Ball
1-0: Ball
2-0: Ball
3-0: Base on Balls
Batting: RHB Santo Cruz 0-0: Called Strike
0-1: Ball
1-1: SINGLE (Line Drive, 7LS)
Carlos Pérez to second
Batting: LHB Tom Baker 0-0: Ball
1-0: Fielders Choice at 2nd, 6-4 (Groundball, 6)
Carlos Pérez to third
Batting: LHB Juan Cabañas 0-0: Swinging Strike
0-1: Ball
1-1: Ball
2-1: Ball
3-1: Called Strike
3-2: SINGLE (Groundball, 56D)
Carlos Pérez scores
Tom Baker to second
Tom Baker to third
Batting: LHB Bill Murphy 0-0: Ball
1-0: Ball
2-0: Called Strike
2-1: Swinging Strike
2-2: Foul Ball, location: 2F
2-2: Strikes out swinging
Batting: RHB Dan Mason 0-0: Fly out, F7 (Flyball, 78S)
Bottom of the 4th over - 1 run(s), 2 hit(s), 0 error(s), 2 left on base; Albuquerque 5 - Houston 7
TOP OF THE 5TH
Albuquerque Isotopes batting - Pitching for Houston Hammertime : LHP Martín Reyes
Batting: RHB Juan Vareas 0-0: Fly out, F8 (Flyball, 8RS)
Batting: RHB Lorenzo Ayala 0-0: Foul Ball, location: 2F
0-1: Ball
1-1: Foul Ball, location: 2F
1-2: Strikes out swinging
Batting: RHB Alfonso Huertas 0-0: Ball
1-0: Ball
2-0: Ball
3-0: Called Strike
3-1: SINGLE (Flyball, 9S)
Batting: LHB A.J. Major 0-0: Ball
1-0: Called Strike
1-1: Called Strike
1-2: Strikes out swinging
Top of the 5th over - 0 run(s), 1 hit(s), 0 error(s), 1 left on base; Albuquerque 5 - Houston 7
BOTTOM OF THE 5TH
Houston Hammertime batting - Pitching for Albuquerque Isotopes : RHP Manny Muñóz
Batting: RHB José García 0-0: Called Strike
0-1: Ground out 1-3 (Groundball, P)
Batting: RHB Ánibal Pérez 0-0: Ball
1-0: Ball
2-0: Called Strike
2-1: Called Strike
2-2: Foul Ball, location: 2F
2-2: Ball
3-2: Base on Balls
Batting: LHB Fernando Camacho 0-0: Ball
Passed Ball!
Ánibal Pérez to second
1-0: Foul Ball, location: 2F
1-1: Swinging Strike
1-2: Ball
2-2: Foul Ball, location: 2F
2-2: Ball
3-2: SINGLE (Line Drive, 8LS)
Ánibal Pérez to third
Batting: RHB Carlos Pérez 0-0: Ball
1-0: Ball
2-0: Ball
3-0: Base on Balls
Fernando Camacho to second
Batting: RHB Santo Cruz 0-0: Ball
1-0: Grounds into fielders choice 6-2 (Groundball, 6)
Fernando Camacho to third
Carlos Pérez to second
Batting: LHB Tom Baker 0-0: GRAND SLAM HOME RUN (Flyball, 8RXD), Distance : 423 ft
Batting: LHB Juan Cabañas 0-0: Ball
1-0: Ball
2-0: Called Strike
2-1: Ball
3-1: Base on Balls
Batting: LHB Bill Murphy 0-0: Ball
1-0: Ball
2-0: Ball
3-0: Base on Balls
Juan Cabañas to second
Batting: RHB Dan Mason 0-0: Ground out U3 (Groundball, 34)
Bottom of the 5th over - 4 run(s), 2 hit(s), 0 error(s), 2 left on base; Albuquerque 5 - Houston 11
TOP OF THE 6TH
Albuquerque Isotopes batting - Pitching for Houston Hammertime : LHP Martín Reyes
Batting: LHB Fernando Ortíz 0-0: Called Strike
0-1: Called Strike
0-2: Strikes out swinging
Batting: LHB Mark Vestal 0-0: Called Strike
0-1: Swinging Strike
0-2: Ball
1-2: Strikes out swinging
Batting: RHB Juan Alberto 0-0: Ball
1-0: Ball
2-0: Fly out, F8 (Flyball, 8RS)
Top of the 6th over - 0 run(s), 0 hit(s), 0 error(s), 0 left on base; Albuquerque 5 - Houston 11
BOTTOM OF THE 6TH
Houston Hammertime batting - Pitching for Albuquerque Isotopes : RHP Manny Muñóz
Batting: RHB José García 0-0: Called Strike
0-1: Foul Ball, location: 2F
0-2: Ball
1-2: Fly out, F6 (Popup, 6)
Pitching: LHP Bob Smith
Batting: RHB Ánibal Pérez 0-0: Called Strike
0-1: Fly out, F3 (Popup, 3L)
Batting: LHB Fernando Camacho 0-0: Ball
1-0: Ball
2-0: Ball
3-0: Called Strike
3-1: Base on Balls
Batting: RHB Carlos Pérez 0-0: Ball
1-0: Ball
2-0: Ball
3-0: Called Strike
3-1: Base on Balls
Fernando Camacho to second
Batting: RHB Santo Cruz 0-0: Foul Ball, location: 2F
0-1: Ball
1-1: Foul Ball, location: 2F
1-2: Ball
2-2: Foul Ball, location: 2F
2-2: Foul Ball, location: 2F
2-2: Ball
3-2: Base on Balls
Fernando Camacho to third
Carlos Pérez to second
Batting: LHB Tom Baker 0-0: Ball
1-0: Fly out, F6 (Line Drive, 6)
Bottom of the 6th over - 0 run(s), 0 hit(s), 0 error(s), 3 left on base; Albuquerque 5 - Houston 11
TOP OF THE 7TH
Albuquerque Isotopes batting - Pitching for Houston Hammertime : LHP Martín Reyes
Pitching: RHP Pedro Castillo
Batting: RHB Dave Mullen 0-0: Ball
1-0: SINGLE (Groundball, 56D)
Batting: LHB António De Los Ángeles 0-0: Foul Ball, location: 2F
0-1: Fly out, F6 (Popup, 6MS)
Batting: RHB Juan Vareas 0-0: Called Strike
0-1: Ball
1-1: Called Strike
1-2: Foul Ball, location: 2F
1-2: Ball
2-2: Ball
3-2: Ground out U3 (Groundball, 34S)
Dave Mullen to second
Batting: RHB Lorenzo Ayala 0-0: Foul Ball, location: 2F
0-1: Foul Ball, location: 2F
0-2: Ball
1-2: Foul Ball, location: 2F
1-2: Ball
2-2: Ball
3-2: SINGLE (Line Drive, 4MD)
Dave Mullen to third
Dave Mullen scores
Batting: RHB Alfonso Huertas 0-0: Ball
Lorenzo Ayala is caught stealing 2nd base
Top of the 7th over - 1 run(s), 2 hit(s), 0 error(s), 0 left on base; Albuquerque 6 - Houston 11
BOTTOM OF THE 7TH
Houston Hammertime batting - Pitching for Albuquerque Isotopes : LHP Bob Smith
Batting: LHB Juan Cabañas 0-0: Ball
1-0: DOUBLE (Line Drive, 9LM)
Batting: LHB Bill Murphy 0-0: SINGLE (Groundball, 4D)
Juan Cabañas to third
Batting: RHB Dan Mason 0-0: Called Strike
0-1: Ball
1-1: Foul Ball, location: 2F
1-2: Ball
2-2: Ball
3-2: Ground out 5-3 (Groundball, 25)
Juan Cabañas scores
Bill Murphy to second
Batting: RHB José García 0-0: Ball
1-0: Ball
2-0: Ball
3-0: Called Strike
3-1: Base on Balls
Batting: RHB Ánibal Pérez 0-0: Ball
1-0: Called Strike
1-1: SINGLE (Line Drive, 9S)
Bill Murphy to third
José García to second
Batting: LHB Fernando Camacho 0-0: Ball
1-0: Fielders Choice at 2nd, 3-6 (Groundball, 34)
Bill Murphy scores
José García to third
Batting: RHB Carlos Pérez 0-0: Called Strike
0-1: Ball
1-1: Ball
2-1: Ball
3-1: Swinging Strike
3-2: Base on Balls
Fernando Camacho to second
Batting: RHB Santo Cruz 0-0: Ball
1-0: Ball
2-0: Ball
3-0: Base on Balls
José García scores
Fernando Camacho to third
Carlos Pérez to second
Batting: LHB Tom Baker 0-0: Ball
1-0: Called Strike
1-1: Foul Ball, location: 2F
1-2: Ball
2-2: Ball
3-2: Ground out U3 (Groundball, 34)
Bottom of the 7th over - 3 run(s), 3 hit(s), 0 error(s), 3 left on base; Albuquerque 6 - Houston 14
TOP OF THE 8TH
Albuquerque Isotopes batting - Pitching for Houston Hammertime : RHP Pedro Castillo
Now at 3B: Richard Bowman
Now in RF: Enrique Valentín
Pinch Hitting: LHB Juan Carlos Sánchez 0-0: Called Strike
0-1: Foul Ball, location: 2F
0-2: Ball
1-2: SINGLE (Groundball, 4MD)
Batting: LHB A.J. Major 0-0: Called Strike
0-1: Ball
1-1: Foul Ball, location: 2F
1-2: Strikes out looking
Batting: LHB Fernando Ortíz 0-0: Foul Ball, location: 2F
0-1: Ball
1-1: Ball
2-1: Foul Ball, location: 2F
2-2: Strikes out looking
Batting: LHB Mark Vestal 0-0: Ball
1-0: Ball
2-0: Ball
3-0: Called Strike
3-1: 2-RUN HOME RUN (Flyball, 8LD), Distance : 419 ft
Batting: RHB Juan Alberto 0-0: Called Strike
0-1: Ball
1-1: SINGLE (Groundball, 6D)
Batting: RHB Dave Mullen 0-0: Ball
1-0: Called Strike
1-1: Fly out, F8 (Flyball, 8LD)
Top of the 8th over - 2 run(s), 3 hit(s), 0 error(s), 1 left on base; Albuquerque 8 - Houston 14
BOTTOM OF THE 8TH
Houston Hammertime batting - Pitching for Albuquerque Isotopes : LHP Bob Smith
Now at 2B: Alden Isenhood
Batting: LHB Juan Cabañas 0-0: Ball
1-0: Ball
2-0: Ball
3-0: Base on Balls
Pitching: RHP Víctor Solano
Batting: LHB Bill Murphy 0-0: Ball
1-0: Ball
2-0: Ball
3-0: Called Strike
3-1: Foul Ball, location: 2F
3-2: Base on Balls
Juan Cabañas to second
Batting: RHB Dan Mason 0-0: Foul Ball, location: 2F
0-1: Reached on error, E3 (Groundball, 34)
Juan Cabañas to third
Bill Murphy to second
Batting: RHB José García 0-0: Ball
1-0: Fielders Choice at 2nd, 3-6 (Groundball, 34)
Juan Cabañas scores
Bill Murphy to third
Batting: RHB Ánibal Pérez 0-0: Ball
1-0: Fly out, F8 (Line Drive, 8RM)
Runner from 3rd tags up, OUT at HOME
Bottom of the 8th over - 1 run(s), 0 hit(s), 1 error(s), 1 left on base; Albuquerque 8 - Houston 15
TOP OF THE 9TH
Albuquerque Isotopes batting - Pitching for Houston Hammertime : RHP Pedro Castillo
Batting: LHB António De Los Ángeles 0-0: Ball
1-0: Ball
2-0: Ground out 6-3 (Groundball, 6)
Batting: RHB Juan Vareas 0-0: Ball
1-0: Ball
2-0: Fly out, F4 (Line Drive, 4M)
Batting: RHB Lorenzo Ayala 0-0: Ball
1-0: Ball
2-0: DOUBLE (Line Drive, 8LXD)
Batting: RHB Alden Isenhood 0-0: SINGLE (Line Drive, 6MD)
Lorenzo Ayala to third
Runner from 3rd tries for Home, SAFE, no throw
Pitching: LHP Júlio Aguilar
Batting: LHB A.J. Major 0-0: Called Strike
0-1: Called Strike
0-2: Fly out, F6 (Line Drive, 6M)
Top of the 9th over - 1 run(s), 2 hit(s), 0 error(s), 1 left on base; Albuquerque 9 - Houston 15
Thursday, March 30th, 2017 - OOTP Baseball 17.12 Build 75